 Dungeon Crawl Stone Soup version 0.16-b1 (console) character file.

52 siepu the Grave Robber (level 3, -3/16 HPs)
             Began as a Vine Stalker Necromancer on Mar 14, 2015.
             Slain by a giant frog (6 damage)
             ... on level 2 of the Dungeon.
             The game lasted 00:06:22 (921 turns).

siepu the Grave Robber (Vine Stalker Necromancer)    Turns: 921, Time: 00:06:22

Health: -3/16      AC:  2    Str: 10    XL:     3   Next: 85%
Magic:  0/9        EV: 12    Int: 16    God:
Gold:   33         SH:  0    Dex: 14    Spells: 1 memorised, 7 levels left

rFire  . . .     SeeInvis .     g - +0 short sword
rCold  . . .     Clarity  .     a - +0 robe
rNeg   . . .     SustAb   .     (no shield)
rPois  .         Gourm    .     (no helmet)
rElec  .         Spirit   +     (no cloak)
rCorr  .         Warding  .     (no gloves)
rMut   .         Stasis   .     (no boots)
MR     .....                    p - amulet of faith
Stlth  ++........               (no ring)
                                (no ring)

@: not resistant to hostile enchantments, unstealthy
A: fangs 2, regeneration 1, magic shield, antimagic bite, no device heal 3, rot
immunity
a: no special abilities


You were on level 2 of the Dungeon.
You were not hungry.

You visited 1 branch of the dungeon, and saw 2 of its levels.

You collected 33 gold pieces.


Innate Abilities, Weirdness & Mutations

You have extremely sharp teeth.
Your natural rate of healing is unusually fast.
When hurt, damage is shared between your health and your magic reserves.
Your bite disrupts and absorbs the magic of your enemies.
Potions and wands cannot restore your health.
You are immune to rotting.


   Skills:
 - Level 1.5 Dodging
 - Level 2.4 Stealth
 + Level 3.2 Spellcasting
 + Level 4.7 Necromancy


You had 7 spell levels left.
You knew the following spells:

 Your Spells              Type           Power        Failure   Level  Hunger
a - Pain                  Necr           ###.         2%          1    None

Inventory:

Hand weapons
 g - a +0 short sword (weapon)
Missiles
 d - 50 stones (quivered)
 e - 7 tomahawks {=f}
Armour
 a - a +0 robe (worn)
Jewellery
 p - an amulet of faith (around neck)
   (You found it on level 1 of the Dungeon)
Scrolls
 f - a scroll of recharging {!r, unknown}
 i - 3 scrolls of blinking {!r, unknown}
 k - 4 scrolls of identify {!r, unknown}
 l - a scroll of enchant weapon {!r, unknown}
 q - 2 scrolls of remove curse {!r, unknown}
Potions
 m - 2 potions of heal wounds {!q, unknown}
 o - a potion of flight {!q, unknown}
Books
 b - a book of Necromancy

   Spells                             Type                      Level
   a - Pain                           Necromancy                   1
   b - Animate Skeleton               Necromancy                   1
   c - Vampiric Draining              Necromancy                   3
   d - Regeneration                   Charms/Necromancy            3
   e - Animate Dead                   Necromancy                   4
   f - Control Undead                 Necromancy                   4
Comestibles
 c - 2 bread rations {!e}
 h - 3 fruits {!e}
 j - a chunk of flesh {!e}
 n - a slice of pizza {!e}


Message History

The adder barely misses you.
There is a stone staircase leading up here.
Casting: Pain
Confirm with . or Enter, or press ? or * to list all spells.
Aiming: Pain
Press: ? - help, Shift-Dir - straight line, f - adder
Aim: an adder (chance 82%)
The adder barely resists.
The adder barely misses you.
Casting: Pain
Confirm with . or Enter, or press ? or * to list all spells.
Aiming: Pain
Press: ? - help, Shift-Dir - straight line, f/p - adder
Aim: an adder (chance 82%)
The adder convulses in agony!
The adder closely misses you.
Casting: Pain
Confirm with . or Enter, or press ? or * to list all spells.
Aiming: Pain
Press: ? - help, Shift-Dir - straight line, f/p - adder
Aim: an adder (moderately wounded, chance 82%)
The adder convulses in agony!
The adder bites you.
You are poisoned.
The adder poisons you! The adder misses you.
Casting: Pain
Confirm with . or Enter, or press ? or * to list all spells.
Aiming: Pain
Press: ? - help, Shift-Dir - straight line, f/p - adder
Aim: an adder (almost dead, chance 82%)
The adder convulses in agony!
You kill the adder!
You feel sick.
Casting: Pain
Confirm with . or Enter, or press ? or * to list all spells.
You don't have enough magic to cast that spell.
Casting: Pain
Confirm with . or Enter, or press ? or * to list all spells.
You don't have enough magic to cast that spell.
You barely miss the goblin. The goblin closely misses you.
You barely miss the goblin. The goblin misses you.
You hit the goblin.
You kill the goblin!
You feel sick.
You see here a club.
You start resting.
You feel sick. x3
You are no longer poisoned.
You start resting.
You start resting.
HP restored.
You see here a giant newt corpse.
Found a fizzy inky potion.
A giant frog comes into view.
The giant frog gives a loud, deep croak!
Casting: Pain
Confirm with . or Enter, or press ? or * to list all spells.
Aiming: Pain
Press: ? - help, Shift-Dir - straight line, f - giant frog
Aim: a giant frog (chance 76%)
The giant frog convulses in agony!
The giant frog barely misses you. The giant frog misses you.
Casting: Pain
Confirm with . or Enter, or press ? or * to list all spells.
Aiming: Pain
Press: ? - help, Shift-Dir - straight line, f/p - giant frog
Aim: a giant frog (lightly wounded, chance 76%)
The giant frog convulses in agony!
The giant frog hits you but does no damage.
Casting: Pain
Confirm with . or Enter, or press ? or * to list all spells.
Aiming: Pain
Press: ? - help, Shift-Dir - straight line, f/p - giant frog
Aim: a giant frog (heavily wounded, chance 76%)
The giant frog barely resists.
The giant frog closely misses you. The giant frog closely misses you.
Casting: Pain
Confirm with . or Enter, or press ? or * to list all spells.
Aiming: Pain
Press: ? - help, Shift-Dir - straight line, f/p - giant frog
Aim: a giant frog (heavily wounded, chance 76%)
The giant frog convulses in agony!
The giant frog barely misses you.
Casting: Pain
Confirm with . or Enter, or press ? or * to list all spells.
Aiming: Pain
Press: ? - help, Shift-Dir - straight line, f/p - giant frog
Aim: a giant frog (heavily wounded, chance 76%)
The giant frog barely resists.
The giant frog hits you. The giant frog closely misses you.
Casting: Pain
Confirm with . or Enter, or press ? or * to list all spells.
Aiming: Pain
Press: ? - help, Shift-Dir - straight line, f/p - giant frog
Aim: a giant frog (heavily wounded, chance 76%)
The giant frog convulses in agony!
The giant frog hits you.
* * * LOW HITPOINT WARNING * * *
Casting: Pain
Confirm with . or Enter, or press ? or * to list all spells.
Aiming: Pain
Press: ? - help, Shift-Dir - straight line, f/p - giant frog
Aim: a giant frog (severely wounded, chance 76%)
The giant frog convulses in agony!
The giant frog hits you.
You die...

?.#.#†#######†####............<..
.....†....##..#.....######.#.....
...##.###..#.....#[...( #.....#.
#.. #.# ##.............. ##.#....
### ... #............... #.#....
#.....#............. #.####.
#.....#............. #. #.
...>................# .. #.
##.##.#.....@F....... # ##
..........##......# ..###..?..
...... . ####... .!... ###.. .##
.## . .. ..


You could see a giant frog.

Vanquished Creatures
  2 adders (D:2)
  A worm (D:2)
  A giant gecko (D:1)
  A giant cockroach (D:1)
  5 hobgoblins (D:1)
  5 kobolds
  A quokka (D:2)
  6 bats (D:1)
  4 giant newts
  3 goblins
  A rat (D:2)
30 creatures vanquished.

Notes
Turn   | Place    | Note
--------------------------------------------------------------
     0 | D:1      | siepu, the Vine Stalker Necromancer, began the quest for the Orb.
     0 | D:1      | Reached XP level 1. HP: 9/9 MP: 3/3
   174 | D:1      | Reached XP level 2. HP: 13/13 MP: 6/6
   603 | D:1      | Reached XP level 3. HP: 16/16 MP: 4/7
   692 | D:2      | Reached skill level 3 in Spellcasting
   912 | D:2      | Noticed a giant frog
   921 | D:2      | Slain by a giant frog

Vault maps used:
D:1:      scummos_arrival_simple_fountains, moated_statue
D:2:      fedhas_altar_fruit_tree, uniq_crazy_yiuf_cottage, uniq_terence

Action                   || total
-------------------------++-------
Melee: Unarmed           ||     4
       Short sword       ||    23
 Cast: Pain              ||    56
 Stab: Sleeping          ||     1
